 Dungeon Crawl Stone Soup version 0.31-a0-1074-g0b22e4e0f1 (webtiles) character file.

Game seed: 7229832869452806774

221034 tbh1313 the Warrior (level 19, -10/297 HPs)
             Began as an Ogre Berserker on Nov 28, 2023.
             Was the Champion of Trog.
             Shot with an arrow by a naga sharpshooter (18 damage)
             ... on level 4 of the Snake Pit.
             The game lasted 01:31:18 (31742 turns).

tbh1313 the Warrior (Ogre Berserker)               Turns: 31742, Time: 01:31:19

Health: -10/297    AC: 31    Str: 32    XL:     19   Next: 58%
Magic:  6/6        EV: 17    Int: 10    God:    Trog [******]
Gold:   2954       SH:  5    Dex:  8    Spells: 18/18 levels left

rFire   + . .        A - +9 giant club "Asuderuc" {antimagic, rF+ rC++}
rCold   + + .        (shield currently unavailable)
rNeg    + . .        e - +9 pearl dragon scales "Degam" {rPois rN+ Will- Regen+ Slay+3}
rPois   +            D - +2 hat
rElec   .            M - +2 cloak "Jiakanit" {Int+2}
rCorr   .            (gloves unavailable)
SInv    .            (boots unavailable)
Will    ++...        h - amulet of reflection Stlth
                     F - +5 ring of evasion
HPRegen 2.49/turn    j - ring of poison resistance
MPRegen 0.10/turn

%: reflection
@: berserking (expiring), lethally poisoned (-10 -> -11), strong-willed,
regenerating, hasted, invisible, very quick
A: large, unfitting armour, tough skin 1, deterioration 1, frail 1, high MP 1,
wild magic 1
a: Renounce Religion, Berserk, Trog's Hand, Brothers in Arms


You were on level 4 of the Snake Pit.
You worshipped Trog.
Trog was exalted by your worship.
You visited 7 branches of the dungeon, and saw 34 of its levels.
You visited the Abyss 1 time.
You also visited: Bailey and Gauntlet.

You collected 3044 gold pieces.
You spent 90 gold pieces at shops.

Inventory:

Hand Weapons
 n - the +3 dire flail of Infinity {flame, Fragile rPois rN+}
   (Trog gifted it to you on level 3 of the Swamp)

   rPois:     It protects you from poison rN+: It protects you from negative
   energy.
   Fragile:   It will be destroyed if unequipped.
 u - a +3 giant spiked club of flaming
 A - the +9 giant club "Asuderuc" (weapon) {antimagic, rF+ rC++}
   (Trog gifted it to you on level 1 of the Elven Halls)

   rF+:       It protects you from fire.
   rC++:      It greatly protects you from cold.
Missiles
 o - 21 large rocks (quivered)
 w - 5 throwing nets
Armour
 e - the +9 pearl dragon scales "Degam" (worn) {rPois rN+ Will- Regen+ Slay+3}
   (You acquired it on level 8 of the Dungeon)

   Slay+3:    It affects your accuracy & damage with ranged weapons and melee
   (+3).
   rPois:     It protects you from poison rN+: It protects you from negative
   energy.
   Will-:     It decreases your willpower.
   Regen+:    It increases your rate of health regeneration.
 D - a +2 hat (worn)
 M - the +2 cloak "Jiakanit" (worn) {Int+2}
   (You found it in a Gauntlet)

   Int+2:     It affects your intelligence (+2).
Jewellery
 h - an amulet of reflection (around neck)
 j - a ring of poison resistance (right hand)
 m - a +4 ring of protection
 q - a +6 ring of strength
 y - a +5 ring of evasion
 F - a +5 ring of evasion (left hand)
 H - a ring of protection from fire
 O - a ring of protection from fire
 P - a ring of ice
 Q - a ring of positive energy
 T - a +6 ring of dexterity
 V - a ring of see invisible
 W - a +4 ring of protection
 Z - a ring of resist corrosion
Wands
 a - a wand of flame (20)
 b - a wand of paralysis (7)
 g - a wand of mindburst (33)
 s - a wand of polymorph (4)
 x - a wand of light (3)
 B - a wand of digging (11)
Scrolls
 i - 6 scrolls of poison
 t - a scroll of brand weapon
 C - 2 scrolls of teleportation
 K - 11 scrolls of identify
 L - 5 scrolls of enchant armour
 R - 7 scrolls of fog
Potions
 c - 4 potions of might
 d - 6 potions of curing
 f - 10 potions of heal wounds
 k - 5 potions of attraction
 p - 2 potions of resistance
 r - 2 potions of enlightenment
 v - a potion of lignification
 E - a potion of invisibility
 I - 2 potions of haste


   Skills:
 - Level 20.4 Fighting
 - Level 19.9 Maces & Flails
 - Level 10.0 Throwing
 + Level 13.8 Armour
 + Level 14.4 Dodging
 - Level 5.0 Evocations


You had 18 spell levels left.
You didn't know any spells.
Your spell library contained the following spells:

 Spells                   Type           Power      Damage    Failure   Level
 Necrotise                Necr           0%         1d4       65%         1
 Sandblast                Erth           0%         2d4       65%         1
 Blink                    Tloc           0%         N/A       78%         2
 Cigotuvi's Dreadful Rot  Necr/Pois/Air  0%         N/A       78%         2
 Passwall                 Tmut/Erth      0%         N/A       78%         2
 Gell's Gravitas          Tloc           0%         N/A       95%         3
 Stone Arrow              Conj/Erth      0%         3d7       95%         3
 Summon Guardian Golem    Hex/Summ       0%         N/A       95%         3
 Teleport Other           Tloc           0%         N/A       95%         3
 Brom's Barrelling Bould  Conj/Erth      0%         2d3       100%        4
 Iskenderun's Mystic Bla  Conj/Tloc      0%         2d3       100%        4
 Manifold Assault         Tloc           0%         N/A       100%        4
 Passage of Golubria      Tloc           0%         N/A       100%        4
 Summon Forest            Summ/Tloc      0%         N/A       100%        5
 Death Channel            Necr           0%         N/A       100%        6
 Malign Gateway           Summ/Tloc      0%         N/A       100%        7
 Summon Hydra             Summ           0%         N/A       100%        7
 Disjunction              Tloc           0%         N/A       100%        8
 Fire Storm               Conj/Fire      0%         5d1       100%        9


Dungeon Overview and Level Annotations

Branches:
Dungeon (15/15)            Temple (0/1) D:4            Lair (5/5) D:8
  Swamp (3/4) Lair:3        Snake (4/4) Lair:3        Slime (4/5) Lair:4
    Orc (2/2) D:12            Elf (1/3) Orc:2        Vaults (0/5) D:14
 Depths (0/4) D:15         Bailey (visited)         Gauntlet (visited)

Altars:
Ashenzari
Cheibriados
Fedhas
Gozag
Kikubaaqudgha
Nemelex Xobeh
Okawaru
Qazlal
Sif Muna
Vehumet
Yredelemnul

Shops:
D:4 (   D:8 !   D:10 *   D:14 *   Orc:1 *   Orc:2 *[[[   Snake:1 (

Annotations:
D:9 exclusion: obsidian statue


Innate Abilities, Weirdness & Mutations

You are too large for most types of armour.
You have tough skin. (AC +1)
Your body sometimes deteriorates upon taking damage.
You are frail. (-10% HP)
You have an increased reservoir of magic. (+10% MP)
Your spells are a little harder to cast, but a little more powerful.


Message History

You block the naga warrior's attack.
The naga warrior hits you but does no damage.
The naga warrior constricts you.
You completely miss the naga warrior.
The naga warrior is severely wounded.
The naga mage barely misses you.
You sock the naga warrior!
The naga warrior is almost dead.
The naga sharpshooter casts a spell.
The naga sharpshooter magically shoots an arrow.
The arrow hits you but does no damage. The naga warrior spits poison at you.
The splash of poison hits you but does no damage.
You are poisoned.
You resist.
You bludgeon the naga warrior!!
You kill the naga warrior!
Trog accepts your kill.
You feel sick. The naga warrior closely misses you.
The naga warrior constricts you.
* * * LOW HITPOINT WARNING * * *
You pound the naga warrior like an anvil!!!!
You kill the naga warrior!
Trog accepts your kill.
You feel sick.
You hear a shout!
The naga sharpshooter spits poison at you.
The splash of poison misses you.
You barely miss the naga mage. The naga mage spits poison at you.
The splash of poison hits you. You resist.
* * * LOW HITPOINT WARNING * * *
You bludgeon the naga mage!!
The naga mage's magic leaks into the air.
The naga mage is severely wounded.
The naga mage misses you. The naga mage completely misses you.
The naga sharpshooter casts a spell.
The naga sharpshooter magically shoots an arrow.
The arrow hits you!!
You die...

########.........**,,,~~~...**,,,
.......#.........#,*,,~≈~..#,*,,,
.......#.........#,*,,~~≈..#,*,,,
.......#.........#,*,,~≈~..#S*,,,
.......#.........##,,,~≈~...#*,,,
.......#..........##*,....#**,,,,
.......'...........###'''##*,,,,,
.......#.......N)N.##.....##,,,,,
########.......)@))†)........,,,,
.........######'#...)........,,,,
..<.†....#......#............,,,,
.........#......#............,,,,
.........#......#...#########****
.........#......#...#,,,,,,,,,,,,
'#####...########...#,,,,,,,,,,,,
.....#..............#,,,,,,,,,,,,
.....#..............#,,,,,,,,,,,,


You could see a naga sharpshooter and a naga mage (fast, catching breath, magic
disrupted).

Levels and vault maps discovered:
D:1:      tarquinn_simple_flora_water_f, layout_basic
D:2:      cheibrodos_pilgrimage, layout_rooms,
          shapermc_ecumenical_altar_acropolis
D:3:      layout_basic, gammafunk_ghost_grave, uniq_grinder
D:4:      lemuel_castle_with_subvaults [lemuel_castle_interior_carwin_2],
          layout_basic, old_standard_altar, minmay_temple_entry_proselytizer,
          serial_shops, shop, minmay_misc_feat_cross
D:5:      layout_loops_ring, grunt_ministairs_7, serial_bayou_crossing
D:6:      layout_loops_ring, minmay_liquid_box, uniq_edmund
D:7:      layout_loops_cross, amcnicky_altar_gilded,
          minmay_misc_feat_four_crosses, dreamdust_gnoll_farm, uniq_joseph
D:8:      gammafunk_wand_slinger, layout_loops_cross, grunt_qazlal_sundering,
          dpeg_lair_monsters, serial_shops, shop, minivault_14, uniq_grum,
          uniq_maggie
D:9:      layout_roguey, enter_bailey_2, minmay_protected_statue, uniq_maurice
D:10:     layout_layer_cave, nicolae_overflow_hallway_of_the_gods,
          nicolae_elemental_shop, minmay_fractal_squares_gapless_7
D:11:     layout_long_grid
D:12:     layout_rooms, david_orc_3, uniq_sonja
D:13:     layout_roguey, serial_demonic, serial_demonic_e, serial_demonic_c,
          serial_demonic_b, serial_demonic_g, serial_demonic_e,
          serial_demonic_d, minivault_14, hangedman_weighted_door
D:14:     layout_layer_cave, david_vaults_1, minmay_misc_feat_square,
          serial_shops, nicolae_shop_crystal, minmay_stone_trees_small
D:15:     grunt_enter_depths_snipers, layout_irregular_city, vehumet_crystals,
          nicolae_two_hexagons, serial_park_tiny_1, minivault_8, uniq_louise
Lair:1:   layout_roguey [special_room_bee], minivault_23, nicolae_lair_lil_pond,
          grunt_megastairs_2
Lair:2:   layout_small_grid, minmay_lair_oklob_items
Lair:3:   layout_chaotic_city, minmay_swamp_entry_reptiles,
          guppyfry_snake_entry_island, gauntlet_entry_generic,
          grunt_forest_large_clearings, uniq_nessos
Lair:4:   gammafunk_boulding_lane, layout_regular_city,
          minmay_slime_entry_pillars
Lair:5:   gammafunk_lair_ancient_temple, layout_regular_city,
          gammafunk_ghost_cemetery, serial_bayou_pond_d
Swamp:1:  layout_basic_swamp, nicolae_swamp_trees_clearing, uniq_aizul
Swamp:2:  layout_falls_marsh, evilmike_swamp_ruin_house_6, swamp_pool_1_2,
          hangedman_swamp_grove, nicolae_swamp_decorative_isthmus
Swamp:3:  layout_falls_marsh, nicolae_swamp_small_spring
Snake:1:  layout_onion_interference, serial_shops, nicolae_shop_tiny_glass,
          nicolae_snake_gridmaze_waves, uniq_agnes
Snake:2:  layout_rooms, uniq_jorgrun
Snake:3:  layout_cave_pods, nicolae_letterblocks [nicolae_letter_subblock,
          nicolae_letter_subblock, nicolae_letter_subblock,
          nicolae_letter_subblock, nicolae_letter_subblock,
          nicolae_letter_subblock, nicolae_letter_subblock,
          nicolae_letter_subblock, nicolae_letter_subblock,
          nicolae_letter_subblock, nicolae_letter_subblock,
          nicolae_letter_subblock, nicolae_letter_subblock,
          nicolae_letter_subblock, nicolae_letter_subblock,
          nicolae_letter_subblock, nicolae_letter_subblock,
          nicolae_letter_subblock, nicolae_letter_subblock,
          nicolae_letter_subblock, nicolae_letter_subblock,
          nicolae_letter_subblock, nicolae_letter_subblock,
          nicolae_letter_subblock, nicolae_letter_subblock]
Snake:4:  grunt_snake_rune_pools, layout_cave_town
Slime:1:  layout_caves
Slime:2:  layout_caves
Slime:3:  layout_caves, nicolae_slime_welcoming_committee
Slime:4:  layout_caves
Orc:1:    layout_caves, minmay_shop_mass, uniq_josephine
Orc:2:    grunt_orc_tribal_feast, layout_diamond_mine, serial_shops,
          nicolae_lakefront_shop
Elf:1:    eino_elf_arrival_shootout, layout_loops_corners,
          minmay_elf_necromancy, roderic_lattice_octagonal_star

Notes
Turn   | Place    | Note
-------+----------+-------------------------------------------
     0 | D:1      | tbh1313 the Ogre Berserker began the quest for the Orb.
     0 | D:1      | Reached XP level 1. HP: 24/24 MP: 1/1
   162 | D:1      | Reached XP level 2. HP: 30/32 MP: 2/2
   819 | D:1      | Identified 2 scrolls of acquirement
   819 | D:1      | Acquired a manual of Fighting
  1087 | D:2      | Reached XP level 3. HP: 32/41 MP: 3/3
  1183 | D:2      | Reached skill level 5 in Fighting
  1380 | D:2      | Found a faded altar of an unknown god.
  1652 | D:2      | Reached XP level 4. HP: 52/52 MP: 4/4
  1715 | D:2      | Reached ** piety under Trog
  1716 | D:2      | Reached skill level 6 in Fighting
  2004 | D:3      | Reached XP level 5. HP: 53/61 MP: 5/5
  2214 | D:3      | Found a runed translucent door.
  2216 | D:3      | Noticed Strat's ghost (amateur DESu)
  2331 | D:3      | Noticed Grinder
  2347 | D:3      | Killed Grinder
  2348 | D:3      | Reached skill level 8 in Fighting
  2348 | D:3      | Reached skill level 5 in Maces & Flails
  2348 | D:3      | Reached XP level 6. HP: 56/72 MP: 6/6
  2501 | D:3      | Killed Strat's ghost
  2563 | D:4      | Reached XP level 7. HP: 81/81 MP: 7/7
  2653 | D:4      | Reached skill level 9 in Fighting
  2695 | D:4      | Found Joruuk's Weapon Emporium.
  2847 | D:4      | You fall into a shaft and drop 3 floors!
  2847 | D:7      | Found a shimmering blue altar of Sif Muna.
  3074 | D:7      | Noticed Joseph
  3095 | D:7      | Killed Joseph
  3096 | D:7      | Reached skill level 10 in Fighting
  3096 | D:7      | Reached XP level 8. HP: 78/93 MP: 8/8
  3255 | D:6      | Reached skill level 11 in Fighting
  3401 | D:6      | Reached *** piety under Trog
  3429 | D:6      | Noticed Edmund
  3445 | D:6      | Killed Edmund
  3446 | D:6      | Reached XP level 9. HP: 106/106 MP: 9/9
  3465 | D:7      | Reached skill level 12 in Fighting
  4032 | D:5      | Entered Level 5 of the Dungeon
  4038 | D:5      | Reached skill level 13 in Fighting
  4043 | D:5      | Reached skill level 10 in Maces & Flails
  4143 | D:4      | Found a staircase to the Ecumenical Temple.
  4219 | D:4      | Reached **** piety under Trog
  4541 | D:4      | Found a sparkling altar of Nemelex Xobeh.
  4722 | D:4      | Reached ***** piety under Trog
  4803 | D:4      | Reached skill level 14 in Fighting
  5156 | D:5      | Reached skill level 1 in Armour
  5156 | D:5      | Reached XP level 10. HP: 108/122 MP: 10/10
  6336 | D:8      | Noticed a kobold demonologist
  6345 | D:8      | Found a transporter.
  6347 | D:8      | Found a transporter.
  6354 | D:8      | Noticed a deep elf knight
  6354 | D:8      | Noticed a kobold demonologist
  6495 | D:8      | Found a stormy altar of Qazlal.
  6538 | D:8      | Noticed a death yak
  6538 | D:8      | Noticed a death yak
  6539 | D:8      | Noticed a death yak
  6541 | D:8      | Noticed a death yak
  6545 | D:8      | Noticed a death yak
  6545 | D:8      | Noticed Maggie
  6546 | D:8      | Found a staircase to the Lair.
  6557 | D:8      | Noticed Grum
  6582 | D:8      | Reached skill level 15 in Fighting
  6583 | D:8      | HP: 11/119 [Grum/+1 glaive (10)]
  6588 | D:8      | Killed Grum
  6695 | D:8      | Acquired the +9 pearl dragon scales "Degam" {rPois rN+
                  | Will- Regen+ Slay+3}
  6988 | D:8      | Found Paefec's Distillery.
  7030 | D:8      | Killed a death yak
  7041 | D:8      | Killed a death yak
  7047 | D:8      | Killed a death yak
  7048 | D:8      | Reached skill level 16 in Fighting
  7048 | D:8      | Reached XP level 11. HP: 135/135 MP: 11/11
  7055 | D:8      | Killed a death yak
  7065 | D:8      | Killed a death yak
  7078 | D:8      | Killed Maggie
  7313 | D:9      | Paralysed by a hornet for 3 turns
  7380 | D:9      | Identified the +0 hand axe "Leuqiuf" {drain, *Slow rElec
                  | rF+}
  7447 | D:9      | Reached skill level 17 in Fighting
  7466 | D:9      | Found a flagged portal.
  7467 | D:9      | Noticed a cyclops
  7477 | D:9      | Killed a cyclops
  7486 | Bailey   | Entered a bailey
  7529 | Bailey   | Identified the +8 triple sword of the Moon {heavy, rF+
                  | Str+5} (Trog gifted it to you in a bailey)
  7529 | Bailey   | Received a gift from Trog
  7791 | Bailey   | Reached skill level 20 in Fighting
  7791 | Bailey   | Reached XP level 12. HP: 156/156 MP: 12/12
  8010 | D:9      | Noticed Maurice
  8017 | D:9      | Killed Maurice
  8281 | D:10     | Entered Level 10 of the Dungeon
  8362 | D:10     | Reached skill level 1 in Evocations
  8565 | D:10     | Found an iron altar of Okawaru.
  8598 | D:10     | Found Hutoloc's Elemental Accessories.
  8644 | D:10     | Found an opulent altar of Gozag.
  9085 | D:10     | Noticed a tengu warrior
  9086 | D:10     | Noticed a four-headed hydra
  9088 | D:10     | Noticed a two-headed ogre
  9092 | D:10     | Killed a tengu warrior
  9096 | D:10     | Killed a four-headed hydra
  9102 | D:10     | Killed a two-headed ogre
  9109 | D:10     | Reached XP level 13. HP: 166/166 MP: 13/13
  9119 | D:10     | Reached skill level 5 in Dodging
  9597 | D:10     | Found an ancient bone altar of Kikubaaqudgha.
  9598 | D:10     | Found a blossoming altar of Fedhas.
  9600 | D:10     | Found a basalt altar of Yredelemnul.
  9600 | D:10     | Found a snail-covered altar of Cheibriados.
  9601 | D:10     | Found a broken altar of Ashenzari.
  9793 | D:11     | Identified the +7 rapier of Due Proportion {flame, rElec
                  | Stlth+}
 10493 | D:12     | Found a staircase to the Orcish Mines.
 10639 | D:12     | Noticed Sonja
 10690 | D:12     | Killed Sonja
 10756 | D:12     | Reached skill level 5 in Evocations
 11368 | Lair:1   | Entered Level 1 of the Lair of Beasts
 11385 | Lair:1   | Reached skill level 1 in Throwing
 11829 | Lair:1   | Received a gift from Trog
 12536 | Lair:2   | Reached XP level 14. HP: 172/176 MP: 14/14
 13319 | Lair:3   | Noticed Nessos
 13358 | Lair:3   | Killed Nessos
 13362 | Lair:3   | Found a staircase to the Swamp.
 13391 | Lair:3   | Found a gate leading to a gauntlet.
 13400 | Gauntlet | Entered a Gauntlet
 13400 | Gauntlet | Found a transporter.
 13400 | Gauntlet | Found a transporter.
 13400 | Gauntlet | Found a transporter.
 13401 | Gauntlet | Found a transporter.
 13404 | Gauntlet | Found a transporter.
 13406 | Gauntlet | Found a large runed translucent door.
 13407 | Gauntlet | Found a large runed translucent door.
 13408 | Gauntlet | Found a large runed translucent door.
 13408 | Gauntlet | Found a large runed translucent door.
 13408 | Gauntlet | Found a runed translucent door.
 13409 | Gauntlet | Found a large runed translucent door.
 13415 | Gauntlet | Found a transporter.
 13421 | Gauntlet | Found a transporter.
 13423 | Gauntlet | Found a transporter.
 13431 | Gauntlet | Found a large runed translucent door.
 13432 | Gauntlet | Found a large runed translucent door.
 13433 | Gauntlet | Found a large runed translucent door.
 13434 | Gauntlet | Found a runed translucent gate.
 13436 | Gauntlet | Found a transporter.
 13458 | Gauntlet | Found a transporter.
 13484 | Gauntlet | Found a transporter.
 13546 | Gauntlet | Found a large runed translucent door.
 13547 | Gauntlet | Found a large runed translucent door.
 13548 | Gauntlet | Found a large runed translucent door.
 13548 | Gauntlet | Found a large runed translucent door.
 13548 | Gauntlet | Found a runed translucent door.
 13549 | Gauntlet | Found a large runed translucent door.
 13550 | Gauntlet | Found a large runed translucent door.
 13551 | Gauntlet | Found a large runed translucent door.
 13551 | Gauntlet | Found a large runed translucent door.
 13552 | Gauntlet | Found a runed translucent gate.
 13552 | Gauntlet | Found a runed translucent gate.
 13554 | Gauntlet | Found a transporter.
 13678 | Gauntlet | Reached skill level 5 in Armour
 13692 | Gauntlet | Reached skill level 5 in Throwing
 13702 | Gauntlet | Reached skill level 15 in Maces & Flails
 13936 | Gauntlet | Identified the +2 cloak "Jiakanit" {Int+2}
 13952 | Gauntlet | Got Cakhapp's Textbook on Elsewhere
 13955 | Gauntlet | Got the Handbook of Generative Thermatology
 14112 | Lair:3   | Found a staircase to the Snake Pit.
 14239 | Lair:3   | Received a gift from Trog
 14908 | Lair:4   | Found a transporter.
 15147 | Lair:4   | Found a transporter.
 15258 | Lair:4   | Found a staircase to the Slime Pits.
 15277 | Lair:4   | Got Gell's Compendium of the Door
 15557 | Lair:5   | Entered Level 5 of the Lair of Beasts
 15622 | Lair:5   | Reached skill level 10 in Dodging
 15709 | Lair:5   | Found a runed translucent gate.
 15709 | Lair:5   | Found a runed translucent gate.
 15709 | Lair:5   | Found a runed translucent gate.
 15718 | Lair:5   | Noticed Xotso's ghost (journeyman VSMo)
 15718 | Lair:5   | Noticed Nudhul's ghost (journeyman MiBe)
 15758 | Lair:5   | Identified the +2 great sword of Gluttony {antimagic, Str+4
                  | Int+5}
 15793 | Lair:5   | Reached XP level 15. HP: 179/184 MP: 15/15
 16493 | Lair:5   | Identified the +1 ice dragon scales "Zuageff" {+Blink rF-
                  | rC++ Dex+3}
 16676 | Lair:5   | Killed Xotso's ghost
 16682 | Lair:5   | Killed Nudhul's ghost
 16735 | Lair:5   | Identified the ring "Muniax" {Int+6 Slay+2}
 16954 | Orc:1    | Entered Level 1 of the Orcish Mines
 17021 | Orc:1    | Noticed Josephine
 17026 | Orc:1    | Killed Josephine
 17129 | Orc:1    | Found Yjeer's Mass Market.
 18200 | D:13     | Received a gift from Trog
 18392 | D:13     | Reached ****** piety under Trog
 18766 | D:14     | Found Zotzutri's General Store.
 19357 | D:14     | Found a gate to the Vaults.
 19830 | D:15     | Entered Level 15 of the Dungeon
 20130 | D:15     | Noticed Louise
 20130 | Abyss:2  | Cast into level 2 of the Abyss (Louise)
 20160 | Abyss:3  | Found a corrupted altar of Lugonu.
 20172 | Abyss:4  | Found a corrupted altar of Lugonu.
 20193 | Abyss:4  | Found a corrupted altar of Lugonu.
 20225 | Abyss:4  | Noticed a tentacled starspawn
 20227 | Abyss:4  | Reached XP level 16. HP: 168/195 MP: 16/16
 20227 | Abyss:4  | Gained mutation: Your magical capacity is low. (-10% MP) [a
                  | cacodemon]
 20228 | Abyss:4  | Noticed an Executioner
 20237 | Abyss:4  | Killed a tentacled starspawn
 20250 | Abyss:4  | Killed an Executioner
 20274 | D:15     | Escaped the Abyss
 20438 | D:15     | Killed Louise
 20546 | D:15     | Gained mutation: Your body sometimes deteriorates upon
                  | taking damage. [a cacodemon]
 20581 | D:15     | Found a staircase to the Depths.
 20587 | D:15     | Reached skill level 10 in Armour
 20738 | D:15     | Paralysed by an ogre mage for 4 turns
 20782 | D:15     | Received a gift from Trog
 21070 | D:15     | Found a radiant altar of Vehumet.
 21353 | Orc:2    | Entered Level 2 of the Orcish Mines
 21439 | Orc:2    | Found a staircase to the Elven Halls.
 21569 | Orc:2    | Found Jeptuss's Antique Armour Shoppe.
 21674 | Orc:2    | Received a gift from Trog
 21724 | Orc:2    | Paralysed by an orc sorcerer for 5 turns
 21958 | Orc:2    | Paralysed by an orc sorcerer for 2 turns
 21962 | Orc:2    | Reached XP level 17. HP: 168/202 MP: 15/15
 21987 | Orc:2    | Found Jaexovegie's Antique Weapon Emporium.
 21987 | Orc:2    | Found Zydgh's Armour Boutique.
 21989 | Orc:2    | Found Uzorysew's Antique Armour Emporium.
 21989 | Orc:2    | Found Gegaruh's Assorted Antiques.
 22002 | Orc:2    | Bought a scroll labelled KERGHA BOWE for 30 gold pieces
 22002 | Orc:2    | Bought a scroll of identify for 60 gold pieces
 22038 | Elf:1    | Entered Level 1 of the Elven Halls
 22449 | Elf:1    | Paralysed by an air elemental for 1 turns
 22459 | Elf:1    | Identified the +9 giant club "Asuderuc" {antimagic, rF+
                  | rC++} (Trog gifted it to you on level 1 of the Elven Halls)
 22459 | Elf:1    | Received a gift from Trog
 22496 | Elf:1    | Got the Guide on Shades
 23498 | Swamp:1  | Entered Level 1 of the Swamp
 23533 | Swamp:1  | Identified the serpent talisman of the Orb {rCorr Str+3
                  | Int+5 Dex+3}
 23533 | Swamp:1  | Noticed Aizul
 23831 | Swamp:1  | Killed Aizul
 24291 | Snake:1  | Entered Level 1 of the Snake Pit
 25128 | Snake:1  | Noticed Agnes
 25137 | Snake:1  | Killed Agnes
 25148 | Snake:1  | Received a gift from Trog
 25256 | Snake:1  | Found Wacot's Antique Weapon Boutique.
 25805 | Slime:1  | Entered Level 1 of the Pits of Slime
 25833 | Slime:1  | Reached XP level 18. HP: 178/213 MP: 5/16
 27167 | Slime:4  | Received a gift from Trog
 27252 | Slime:4  | Gained mutation: You expend magic power (3 MP) to
                  | strengthen your wands. [a shining eye]
 28329 | Snake:2  | Noticed Jorgrun
 28349 | Snake:2  | Killed Jorgrun
 28834 | Swamp:2  | Identified the +1 robe of Indemnity {rN+ rCorr Int+4}
 28859 | Swamp:2  | Reached skill level 10 in Throwing
 29003 | Lair:1   | Lost mutation: Your magical capacity is low. (-10% MP)
                  | [potion of mutation]
 29003 | Lair:1   | Lost mutation: You expend magic power (3 MP) to strengthen
                  | your wands. [potion of mutation]
 29003 | Lair:1   | Gained mutation: You have an increased reservoir of magic.
                  | (+10% MP) [potion of mutation]
 29003 | Lair:1   | Gained mutation: You are frail. (-10% HP) [potion of
                  | mutation]
 29003 | Lair:1   | Gained mutation: Your spells are a little harder to cast,
                  | but a little more powerful. [potion of mutation]
 29327 | Swamp:2  | Reached XP level 19. HP: 198/198 MP: 6/20
 29689 | Swamp:3  | Identified the +3 dire flail of Infinity {flame, Fragile
                  | rPois rN+} (Trog gifted it to you on level 3 of the Swamp)
 29689 | Swamp:3  | Received a gift from Trog
 31459 | Snake:4  | Entered Level 4 of the Snake Pit
 31702 | Snake:4  | Received a gift from Trog
 31734 | Snake:4  | HP: 22/297 [naga warrior/+0 trident (17)]
 31736 | Snake:4  | HP: 9/297 [naga sharpshooter/arrow (15)]
 31741 | Snake:4  | HP: 7/297 [naga mage/splash of poison (2)]
 31742 | Snake:4  | Shot with an arrow by a naga sharpshooter

Table legend: (Time is in decaauts)
 A = Elapsed time spent in this place.
 B = Non-inter-level travel time spent in this place.
 C = Inter-level travel time spent in this place.
 D = Time resting spent in this place.
 E = Time spent auto-exploring this place.
 F = Levels seen in this place.
 G = Mean time per level.
                   A        B        C        D        E       F      G
               +--------+--------+--------+--------+--------+-----+--------+
         Total |  31331 |  28615 |   2716 |   4439 |  17926 |  39 |  803.4 |
       Dungeon |  14743 |  13722 |   1021 |   1843 |   9207 |  15 |  982.9 |
          Lair |   5405 |   4587 |    818 |    436 |   3193 |   5 | 1081.0 |
         Swamp |   2032 |   1789 |    243 |    452 |    930 |   3 |  677.3 |
     Snake Pit |   4030 |   3804 |    226 |    877 |   2121 |   4 | 1007.5 |
    Slime Pits |   1670 |   1442 |    228 |    302 |    816 |   4 |  417.5 |
  Orcish Mines |   1130 |   1013 |    117 |    135 |    527 |   2 |  565.0 |
   Elven Halls |   1298 |   1237 |     61 |    181 |    791 |   1 | 1298.0 |
         Abyss |    130 |    130 |      0 |      0 |     16 |   3 |   43.3 |
        Bailey |    309 |    309 |      0 |     49 |    163 |   1 |  309.0 |
      Gauntlet |    580 |    580 |      0 |    161 |    161 |   1 |  580.0 |
               +--------+--------+--------+--------+--------+-----+--------+

Top non-repeatable levels by time:
 Snake:1: 1647 daAuts
    D:10: 1453 daAuts
    D:14: 1320 daAuts
     D:8: 1318 daAuts
   Elf:1: 1298 daAuts
 Snake:3: 1227 daAuts
  Lair:4: 1206 daAuts
  Lair:2: 1186 daAuts
     D:4: 1129 daAuts
     D:1: 1101 daAuts
    D:15: 1070 daAuts
     D:6: 1069 daAuts
  Lair:3: 1064 daAuts
  Lair:5: 1038 daAuts
  Lair:1: 909 daAuts

Table legend:
 A = Kills in this place as a percentage of kills in the entire game.
 B = Kills by you in this place as a percentage of kills by you in the entire game.
 C = Kills by friends in this place as a percentage of kills by friends in the entire game.
 D = Other kills in this place as a percentage of other kills in the entire game.
 E = Experience gained in this place as a percentage of experience gained in the entire game.
 F = Experience gained in this place divided by the number of levels of this place that you have seen.
                   A       B       C       D       E      F
               +-------+-------+-------+-------+-------+----------------------
         Total | 100.0 | 100.0 | 100.0 | 100.0 | 100.0 | 9072.8
       Dungeon |  39.9 |  40.4 |   0.0 |   0.0 |  22.6 | 5334.1
          Lair |  15.8 |  15.9 |   0.0 |  50.0 |  13.8 | 9748.8
         Swamp |   5.3 |   5.2 |   0.0 |  50.0 |  10.1 | 11953.3
     Snake Pit |  13.4 |  13.6 |   0.0 |   0.0 |  23.2 | 20507.2
    Slime Pits |   7.3 |   7.3 |   0.0 |   0.0 |  10.3 | 9099.8
  Orcish Mines |   9.2 |   9.3 |   0.0 |   0.0 |   5.7 | 10053.5
   Elven Halls |   4.4 |   4.5 |   0.0 |   0.0 |   8.3 | 29347.0
         Abyss |   2.3 |   1.3 | 100.0 |   0.0 |   4.1 | 4828.7
        Bailey |   1.7 |   1.7 |   0.0 |   0.0 |   0.1 | 270.0
      Gauntlet |   0.8 |   0.8 |   0.0 |   0.0 |   1.9 | 6584.0
               +-------+-------+-------+-------+-------+----------------------

Action                     |  1- 3 |  4- 6 |  7- 9 | 10-12 | 13-15 | 16-18 | 19-21 || total
---------------------------+-------+-------+-------+-------+-------+-------+-------++-------
  Melee: Mace              |    96 |   106 |   248 |       |       |       |       ||   450
         Punch             |       |     1 |     2 |     2 |     7 |       |       ||    12
         Dire flail        |       |       |   238 |    43 |       |       |       ||   281
         Flail             |       |       |       |   376 |   600 |       |       ||   976
         Giant club        |       |       |       |       |   509 |   855 |   295 ||  1659
         Giant spiked club |       |       |       |       |       |   232 |       ||   232
         Morningstar       |       |       |       |       |       |    14 |       ||    14
 Invoke: Berserk           |     2 |     2 |     8 |     4 |    10 |     7 |     3 ||    36
         Trog's Hand       |       |     1 |     4 |     3 |     6 |     8 |     2 ||    24
         Brothers in Arms  |       |       |       |       |     1 |     2 |       ||     3
  Evoke: Wand              |       |       |       |     2 |     3 |       |       ||     5
    Use: Scroll            |     9 |     3 |    10 |     9 |     6 |    13 |     1 ||    51
         Potion            |       |       |     1 |     4 |     2 |     9 |     4 ||    20
   Stab: Sleeping          |       |     2 |       |       |       |       |       ||     2
         Paralysed         |       |       |       |       |     4 |       |       ||     4
         Invisible         |       |       |       |       |       |     1 |       ||     1
 Armour: Animal skin       |    88 |    75 |   494 |    91 |       |       |       ||   748
         Pearl dragon scal |       |       |       |   182 |   958 |  1067 |   266 ||  2473
  Dodge: Dodged            |    57 |    62 |   303 |   171 |   869 |   887 |   189 ||  2538
  Block: Other             |       |       |       |       |    49 |   241 |    50 ||   340
         Reflection        |       |       |       |       |     6 |    20 |     6 ||    32

Vanquished Creatures
  Jorgrun (Snake:2)
  5 acid blobs
  A tentacled starspawn (Abyss:4)
  2 thorn hunters
  Agnes (Snake:1)
  5 rockslimes
  Aizul (Swamp:1)
  A nagaraja (Snake:4)
  3 azure jellies
  Louise (D:15)
  70 slime creatures
  2 cacodemons
  A stone giant (D:15)
  A quicksilver ooze (Slime:3)
  The ghost of Nudhul the Executioner, a journeyman MiBe of Trog (Lair:5)
  An orc warlord (Orc:2)
  Nessos (Lair:3)
  3 eleionomae (Swamp:2)
  A minotaur (Gauntlet)
  3 bunyips
  An eidolon (Abyss:4)
  An ettin (Orc:1)
  The ghost of Xotso the Basher, a journeyman VSMo of Zin (Lair:5)
  2 deep elf death magi (Elf:1)
  Josephine (Orc:1)
  3 ghost crabs
  A spriggan air mage (Swamp:2)
  A great orb of eyes (Slime:2)
  2 ogre magi (D:15)
  2 salamander tyrants
  11 hydras
  4 alligators
  A death knight (D:14)
  4 boulder beetles
  5 centaur warriors
  12 anacondas
  A merfolk avatar (Lair:5)
  3 tengu warriors
  13 two-headed ogres
  4 dancing weapons (Elf:1)
  9 death yaks
  13 naga warriors
  An occultist (D:15)
  4 orc high priests (Orc:2)
  2 spriggan berserkers (Swamp:2)
  10 deep elf knights
  13 naga sharpshooters
  2 soul eaters (D:13)
  4 shock serpents
  Sonja (D:12)
  3 skysharks
  A skeletal warrior (D:14)
  6 salamander mystics
  4 goliath frogs
  A spriggan druid (Swamp:2)
  5 sea snakes
  8 large abominations
  A glowing orange brain (Gauntlet)
  2 bog bodies
  5 deep elf archers (Elf:1)
  6 naga ritualists
  5 orc knights (Orc:2)
  3 swamp dragons
  A harpy (Lair:5)
  8 deep elf zephyrmancers
  2 necromancers
  6 mana vipers
  3 cyclopes
  6 orc sorcerers
  8 ugly things
  15 deep elf pyromancers
  An oklob plant (Lair:2)
  6 manticores
  A will-o-the-wisp (Swamp:1)
  A rust devil (D:13)
  3 guardian serpents
  Joseph (D:7)
  Maurice (D:9)
  27 black mambas
  13 salamanders
  2 centaur zombies (D:13)
  7 elephants
  11 naga magi
  An eye of devastation (Slime:1)
  2 centaur skeletons (D:13)
  2 torpor snails
  11 cane toads
  2 orange demons (D:13)
  4 molten gargoyles (D:15)
  Maggie (D:8)
  5 rime drakes
  An efreet (D:14)
  2 kobold demonologists (D:8)
  4 freezing wraiths
  14 komodo dragons
  An ice devil (D:13)
  4 red devils (D:13)
  A tengu conjurer (D:13)
  A queen bee (Lair:1)
  3 hornets
  12 trolls
  Grinder (D:3)
  5 tyrant leeches
  6 polar bears
  5 blink frogs
  A wolf spider simulacrum (D:13)
  2 snapping turtles (Lair:5)
  9 dream sheep
  2 glass eyes
  2 shadows (D:11)
  An air elemental (Elf:1)
  27 yaks
  2 spriggans
  A flying skull (D:15)
  A spriggan (shapeshifter) (D:15)
  2 water elementals
  7 wraiths
  3 wyverns
  A vampire (D:13)
  6 golden eyes
  17 vampire mosquitoes
  A chaos spawn (D:13)
  4 steam dragons
  Grum (D:8)
  A basilisk (Lair:2)
  3 small abominations
  4 wargs
  31 nagas
  Edmund (D:6)
  9 swamp worms
  2 acid dragons (D:9)
  12 water moccasins
  31 orc warriors
  A swamp drake (Swamp:1)
  2 ice beasts
  A sky beast (D:7)
  4 black bears
  8 centaurs
  10 ogres
  15 wolves
  A boggart (D:10)
  A phantom (D:5)
  The ghost of Strat the Caller, an amateur DESu (D:3)
  13 bullfrogs
  2 kobold brigands
  2 earth elementals (Elf:1)
  3 elf zombies (Elf:1)
  A gnoll sergeant (D:6)
  A hornet simulacrum (D:14)
  24 wights
  25 killer bees (Lair:1)
  2 howler monkeys
  An electric eel (D:8)
  5 jellies
  20 orc priests
  8 hounds
  2 gnoll boudas
  A sleepcap (D:4)
  8 iguanas
  23 orc wizards
  6 adders
  39 gnolls
  4 shadow imps
  3 white imps
  4 ufetubi
  A dart slug (D:2)
  77 orcs
  7 bats
  11 endoplasms
  3 giant cockroaches
  4 goblins
  5 hobgoblins
  19 jackals
  18 kobolds
  4 quokkas
  8 ball pythons
  5 frilled lizards
  5 rats
1090 creatures vanquished.

Vanquished Creatures (collateral kills)
  An Executioner (Abyss:4)
  A cacodemon (Abyss:4)
  2 glowing orange brains (Abyss:4)
  3 large abominations (Abyss:4)
  4 small abominations (Abyss:4)
11 creatures vanquished.

Vanquished Creatures (others)
  A rime drake (Lair:5)
  A bloated husk (Swamp:1)
  A fire elemental (D:15)
  An orc (Orc:2)
  2 starspawn tentacles (Abyss:4)
6 creatures vanquished.

Grand Total: 1107 creatures vanquished
